 Dungeon Crawl Stone Soup version 0.29-a0-872-g797fff5ad1 (webtiles) character file.

Game seed: 4851139349083727484

74 RevDB the Shooter (level 4, -4/24 HPs)
             Began as a Deep Elf Arcane Marksman on July 18, 2022.
             Slain by an orc
             ... wielding a +0 trident
              (5 damage)
             ... on level 3 of the Dungeon.
             The game lasted 00:17:33 (2488 turns).

RevDB the Shooter (Deep Elf Arcane Marksman)        Turns: 2488, Time: 00:17:35

Health: -4/24      AC:  3    Str:  7    XL:     4   Next: 10%
Magic:  8/8        EV: 13    Int: 18    God:
Gold:   166        SH:  0    Dex: 17    Spells: 5/6 levels left

rFire   . . .      SeeInvis .   b - +3 short sword
rCold   . . .      Faith    +   (no shield)
rNeg    . . .      Spirit   .   c - +0 robe
rPois   .          Reflect  .   (no helmet)
rElec   .          Harm     .   p - +0 cloak
rCorr   .          Rampage  .   (no gloves)
Will    .....                   (no boots)
Stlth   ++........              n - amulet of faith
HPRegen 0.08/turn               (no ring)
MPRegen 0.11/turn               (no ring)

@: no status effects
A: no striking features
a: no special abilities


You were on level 3 of the Dungeon.
You visited 1 branch of the dungeon, and saw 3 of its levels.

You collected 166 gold pieces.

Inventory:

Hand Weapons
 a - a +0 sling
 b - a +3 short sword (weapon)
Armour
 c - a +0 robe (worn)
 p - a +0 cloak (worn)
Jewellery
 n - an amulet of faith (around neck)
Scrolls
 e - a scroll of torment {unknown}
 f - 2 scrolls of identify {unknown}
 h - a scroll of vulnerability
 i - 2 scrolls of teleportation {unknown}
 m - a scroll of immolation {unknown}
Potions
 d - 2 potions of mutation {unknown}
 g - a potion of curing {unknown}
 j - a potion of degeneration {unknown}
 k - 2 potions of haste {unknown}
 l - 2 potions of heal wounds {unknown}
 o - a potion of lignification {unknown}


   Skills:
 - Level 0.7 Fighting
 + Level 5.9 Ranged Weapons
 - Level 2.4 Dodging
 - Level 1.5 Spellcasting
 - Level 4.0 Hexes


You had 5 spell levels left.
You knew the following spells:

 Your Spells              Type           Power      Damage    Failure   Level
a - Slow                  Hex            60%        N/A       3%          1

Your spell library contained the following spells:

 Spells                   Type           Power      Damage    Failure   Level
 Apportation              Tloc           2%         N/A       19%         1
 Necrotise                Necr           4%         1d4       19%         1
 Summon Small Mammal      Summ           4%         N/A       19%         1
 Inner Flame              Hex/Fire       8%         N/A       26%         3
 Portal Projectile        Hex/Tloc       16%        N/A       26%         3
 Cause Fear               Hex            7%         N/A       36%         4


Dungeon Overview and Level Annotations

Branches:
Dungeon (3/15)

Altars:


Message History

Aiming: Slow (safe; 3% risk of failure)
Press: ? - help, Shift-Dir - straight line, f - dart slug
Aim: a dart slug (chance to affect: 71%)
The dart slug seems to slow down.
An endoplasm comes into view.
The endoplasm quivers.
The dart slug launches a dart at you. The slug dart misses you.
Fire: a) +0 sling
Press: ? - help, Q - select action, (/) - cycle Shift-Dir - straight line, f/p - dart slug
Aim: a dart slug (slow, 93% to hit)
You shoot a sling bullet.
The sling bullet hits the endoplasm but does no damage.
An endoplasm is nearby!
b - a +3 short sword (weapon)
You hit the endoplasm.
The endoplasm is almost dead.
The endoplasm hits you.
You hit the endoplasm.
You kill the endoplasm!
You barely miss the orc priest.
The orc priest calls down the wrath of Beogh upon you.
Beogh smites you!
You hit the orc priest but do no damage.
The orc priest misses you.
You hit the orc priest but do no damage.
The orc hits you but does no damage. The orc priest misses you.
You closely miss the orc priest.
The orc hits you from afar with a +0 trident.
The orc priest looks encouraged for a moment.
You hit the orc priest but do no damage.
The orc hits you but does no damage. The orc priest barely misses you.
You barely miss the orc priest.
The orc hits you from afar with a +0 trident!
* * * LOW HITPOINT WARNING * * *
The orc priest barely misses you.
The orc priest hits you with a +0 hand axe.
* * * LOW HITPOINT WARNING * * *
The orc hits you from afar with a +0 trident.
You die...

......# .8...# ....# ?..# #..#
...#. #..# _..#.
#..############### .o.#.
#.....o@.o.......###### o..##
##.##$#####............#
o...#####........##.#####.####.#
#?....##...##.##.##.# #J# #.#
##...##.8..##.# ##o# #.# ##.##
.##+##o..[.##.# ##.# #.###...#
....o......##.##.##.# #........
#.#..####........##.# #####...#
#...## #.###.#####.# ##.##


You could see an orc priest and an orc.

Vanquished Creatures
  An adder (D:2)
  A worm (D:2)
  3 dart slugs (D:1)
  7 endoplasms
  2 giant cockroaches (D:1)
  6 goblins
  6 hobgoblins
  6 quokkas
  6 ball pythons
  3 bats
  4 frilled lizards
  3 kobolds
  4 rats
52 creatures vanquished.

Notes
Turn   | Place    | Note
-------+----------+-------------------------------------------
     0 | D:1      | RevDB the Deep Elf Arcane Marksman began the quest for the
                  | Orb.
     0 | D:1      | Reached XP level 1. HP: 11/11 MP: 5/5
    77 | D:1      | Reached skill level 3 in Ranged Weapons
   406 | D:1      | Reached XP level 2. HP: 12/16 MP: 6/6
   495 | D:1      | Reached skill level 4 in Ranged Weapons
   855 | D:1      | Reached XP level 3. HP: 19/20 MP: 7/7
  1063 | D:1      | Reached skill level 5 in Ranged Weapons
  1936 | D:2      | Found a faded altar of an unknown god.
  2061 | D:2      | Reached XP level 4. HP: 19/24 MP: 8/8
  2418 | D:3      | Found a faded altar of an unknown god.
  2488 | D:3      | HP: 1/24 [orc priest/+0 hand axe (2)]
  2488 | D:3      | Slain by an orc

Illustrated notes

Levels and vault maps discovered:
D:1:      nicolae_arrival_somewhat_less_tricky_arrival, layout_basic
D:2:      layout_basic, shapermc_ecumenical_altar_mp_vishouse
D:3:      layout_loops_ring, nicolae_overflow_ecumenical_swirl, uniq_grinder

Skill      XL: |  1  2  3 |
---------------+----------+-----
Ranged Weapons | 3 4 5 |  5.9
Fighting       | |  0.7
Dodging        | |  2.4
Spellcasting   | |  1.5
Hexes          | |  4.0

Action                   |  1- 3 |  4- 6 || total
-------------------------+-------+-------++-------
Melee: Short sword       |    15 |     9 ||    24
       Punch             |     1 |       ||     1
 Fire: Sling             |   149 |     6 ||   155
 Cast: Slow              |    12 |     1 ||    13
Armor: Robe              |    11 |     3 ||    14
Dodge: Dodged            |    48 |     6 ||    54

Table legend: (Time is in decaauts)
 A = Elapsed time spent in this place.
 B = Non-inter-level travel time spent in this place.
 C = Inter-level travel time spent in this place.
 D = Time resting spent in this place.
 E = Time spent auto-exploring this place.
 F = Levels seen in this place.
 G = Mean time per level.
                   A        B        C        D        E       F      G
               +--------+--------+--------+--------+--------+-----+--------+
         Total |   2509 |   2472 |     37 |    487 |    439 |   3 |  836.3 |
       Dungeon |   2509 |   2472 |     37 |    487 |    439 |   3 |  836.3 |
               +--------+--------+--------+--------+--------+-----+--------+

Top non-repeatable levels by time:
     D:1: 1448 daAuts
     D:2: 939 daAuts
     D:3: 121 daAuts
